 Dungeon Crawl Stone Soup version 0.26-a0-771-g060e6a62af (webtiles) character file.

Game seed: 16855320386079922426

32 Descartes the Sneak (level 3, -1/17 HPs)
             Began as a Felid Berserker on Nov 8, 2020.
             Was a Follower of Trog.
             Slain by an adder (2 damage)
             ... on level 1 of the Dungeon.
             The game lasted 00:01:15 (949 turns).

Descartes the Sneak (Felid Berserker)                Turns: 949, Time: 00:01:15

Health: -1/17      AC:  1    Str: 13 (14) XL:     3   Next: 8%
Magic:  4/4        EV: 18    Int:  5 (8)  God:    Trog [*.....]
Gold:   58         SH:  0    Dex: 13 (15) Spells: 2/2 levels left
                                        Lives:  0   Deaths: 0

rFire    . . .     SeeInvis +     - Unarmed
rCold    . . .     Faith    .   (shield unavailable)
rNeg     . . .     Spirit   .   (armour unavailable)
rPois    .         Reflect  .   (helmet unavailable)
rElec    .         Harm     .   (cloak unavailable)
rCorr    .         Rampage  .   (gloves unavailable)
MR       .....                  (boots unavailable)
Stlth    +++.......             (no amulet)
HPRegen  0.05/turn              (no ring)
MPRegen  0.09/turn              (no ring)

@: lethally poisoned (-1 -> -4), berserk cooldown, slowed, slow
A: very small, no armour, no weapons or thrown items, stealth, claws 1, fangs 3,
see invisible, speed 1, shaggy fur 1, sharp paws
a: Berserk, Renounce Religion


You were on level 1 of the Dungeon.
You worshipped Trog.
Trog was aware of your devotion.
You visited 1 branch of the dungeon, and saw 2 of its levels.

You collected 58 gold pieces.

Inventory:

Jewellery
 g - an uncursed ring of poison resistance {unknown}
Scrolls
 d - a scroll of fog {unknown}
 f - 3 scrolls of identify {unknown}
Potions
 b - a potion of ambrosia {unknown}
 c - 2 potions of curing {unknown}
 e - a potion of might {unknown}
 h - a potion of mutation {unknown}


   Skills:
 - Level 3.0 Fighting
 - Level 4.0 Dodging
 + Level 4.1 Stealth
 - Level 3.0 Unarmed Combat


You had 2 spell levels left.
You didn't know any spells.
Your spell library was empty.

Dungeon Overview and Level Annotations

Branches:
Dungeon (2/15)

Altars:


Innate Abilities, Weirdness & Mutations

You cannot wear armour.
You are incapable of wielding weapons or throwing items.
Your paws allow you to move quietly. (Stealth)
You have sharp claws.
You have razor-sharp teeth.
You have supernaturally acute eyesight. (SInv)
You cover ground quickly.
You are covered in fur. (AC +1)
Your sharp claws are effective at attacking unaware monsters.


Message History

You feel stronger.
You are no longer berserk.
You are exhausted.
You feel yourself slow down. The adder misses you.
You climb upwards.
You feel sick.
There is a stone staircase leading down here.
You barely miss the adder. You bite the adder, but do no damage.
The adder is moderately wounded.
The adder closely misses you. The adder barely misses you.
You miss the adder.
The adder is moderately wounded.
The adder closely misses you. The adder misses you.
You barely miss the adder.
The adder is moderately wounded.
You feel sick. The adder bites you.
* * * LOW HITPOINT WARNING * * *
You barely miss the adder.
The adder is moderately wounded.
The adder closely misses you. The adder bites you.
You die...

#.# #.#.# #.# ######### #.# #.#.#
#.# ........# #.# #.#.#
#.######### ........# #.# #.#.#
#.......... ........# #.# #.#.#
########### ........# #.# #.#.# #
........# #.# #.#.##### #
....))..#####.###.......#########
................@.#.#............
..........#######S#.#.#.#########
..........# #.#.#.#.# ..........#
#.#.#.#.# ..........# #...#.#.#
..........# ######.#†#
######.#..# #....#.#.#
..........# #.##.#.#.#
######.#..# #.#..#.#.#


You could see an adder.

Vanquished Creatures
  An ooze (D:2)
  A leopard gecko (D:1)
  2 bats
  A giant cockroach (D:1)
  4 goblins (D:1)
  A hobgoblin (D:1)
  3 jackals (D:1)
  A quokka (D:2)
  6 kobolds
  2 rats (D:1)
22 creatures vanquished.

Notes
Turn   | Place    | Note
-------+----------+-------------------------------------------
     0 | D:1      | Descartes the Felid Berserker began the quest for the Orb.
     0 | D:1      | Reached XP level 1. HP: 10/10 MP: 2/2
    15 | D:1      | Reached skill level 1 in Stealth
   215 | D:1      | Reached XP level 2. HP: 14/14 MP: 3/3
   943 | D:2      | Reached XP level 3. HP: 8/17 MP: 4/4
   949 | D:1      | Slain by an adder

Illustrated notes

Levels and vault maps discovered:
D:1:      lightli_molten_gateway, layout_basic
D:2:      layout_rooms, minmay_domino_2

Skill      XL: |  1  2 |
---------------+-------+-----
Stealth        | 2 4 |  4.1
Fighting       | |  3.0
Dodging        | |  4.0
Unarmed Combat | |  3.0

Action                   || total
-------------------------++-------
Melee: Unarmed           ||    47
       Bite              ||     4
Invok: Berserk           ||     2
  Use: Potion            ||     1
 Stab: Sleeping          ||     4
Armor: Skin              ||     1
Dodge: Dodged            ||    46

Table legend: (Time is in decaauts)
 A = Elapsed time spent in this place.
 B = Non-inter-level travel time spent in this place.
 C = Inter-level travel time spent in this place.
 D = Time resting spent in this place.
 E = Time spent auto-exploring this place.
 F = Levels seen in this place.
 G = Mean time per level.
                   A        B        C        D        E       F      G
               +--------+--------+--------+--------+--------+-----+--------+
         Total |    838 |    827 |     11 |      0 |    717 |   2 |  419.0 |
       Dungeon |    838 |    827 |     11 |      0 |    717 |   2 |  419.0 |
               +--------+--------+--------+--------+--------+-----+--------+

Top non-repeatable levels by time:
     D:1: 771 daAuts
     D:2: 67 daAuts
